 Dungeon Crawl Stone Soup version 0.31.0-4-g52a2dc7128 (webtiles) character file.

Game seed: 7375253008902359895

49463 olmar the Earth Mage (level 13, -5/86 HPs)
             Began as a Demigod Earth Elementalist on Jan 22, 2024.
             Slain by a blink frog (9 damage)
             ... on level 9 of the Dungeon.
             The game lasted 00:48:37 (20221 turns).

olmar the Earth Mage (Demigod Earth Elementalist)  Turns: 20221, Time: 00:48:37

Health: -5/86      AC: 31    Str:  9    XL:     13   Next: 80%
Magic:  31/33      EV: 11    Int: 35    God:
Gold:   645        SH:  0    Dex: 14    Spells: 16/35 levels left

rFire   . . .        w - staff of earth
rCold   . . .        (no shield)
rNeg    . . .        b - +3 troll leather armour of Compression {Regen+ Int+2}
rPois   .            B - +2 helmet
rElec   .            d - +0 cloak
rCorr   .            l - +0 pair of gloves
SInv    .            (no boots)
Will    ++...        c - amulet of magic regeneration
Stlth   ++           U - ring of willpower
HPRegen 1.14/turn    W - +4 ring of protection
MPRegen 0.63/turn

%: no passive effects
@: lethally poisoned (-5 -> -11)
A: high MP 1, forlorn, divine attributes
a: no special abilities


You were on level 9 of the Dungeon.
You visited 4 branches of the dungeon, and saw 16 of its levels.

You collected 1694 gold pieces.
You spent 1049 gold pieces at shops.

Inventory:

Hand Weapons
 V - the +6 sling "Ofryk" {drain, rPois rN++}
   (You found it on level 10 of the Dungeon)

   rPois:     It protects you from poison rN++: It greatly protects you from
   negative energy.
Missiles
 j - 17 poisoned darts
Armour
 b - the +3 troll leather armour of Compression (worn) {Regen+ Int+2}
   (You bought it in a shop on level 1 of the Orcish Mines)

   Int+2:     It affects your intelligence (+2).
   Regen+:    It increases your rate of health regeneration.
 d - a +0 cloak (worn)
 l - a +0 pair of gloves (worn)
 B - a +2 helmet (worn)
 E - a +0 hat of intelligence
 F - +0 acid dragon scales
 S - the +5 scale mail "Witits" {rF- Str+3 Int+8}
   (You found it on level 10 of the Dungeon)

   Str+3:     It affects your strength (+3).
   Int+8:     It affects your intelligence (+8).
   rF-:       It makes you vulnerable to fire.
 Z - a +0 troll leather armour
Magical Staves
 w - a staff of earth (weapon)
Jewellery
 c - an amulet of magic regeneration (around neck)
 e - a +6 ring of strength
 u - a ring of wizardry
 L - an amulet of guardian spirit
 T - an amulet of regeneration
 U - a ring of willpower (left hand)
 W - a +4 ring of protection (right hand)
 X - a ring of magical power
Wands
 y - a wand of roots (6)
 z - a wand of mindburst (10)
 D - a wand of polymorph (15)
 K - a wand of quicksilver (11)
 O - a wand of flame (18)
Scrolls
 a - a scroll of silence
 h - 2 scrolls of noise
 i - a scroll of enchant armour
 n - 5 scrolls of teleportation
 o - 3 scrolls of poison
 q - 3 scrolls of immolation
 s - a scroll of revelation
 H - a scroll of vulnerability
 I - a scroll of brand weapon
 J - 2 scrolls of amnesia
 Y - 2 scrolls of fear {unknown}
Potions
 f - 2 potions of degeneration
 g - 2 potions of brilliance
 k - 4 potions of enlightenment
 m - a potion of lignification
 p - 2 potions of invisibility
 r - 2 potions of haste
 x - 5 potions of curing
 C - a potion of magic
 M - a potion of cancellation
 P - a potion of mutation
 R - a potion of berserk rage


   Skills:
 + Level 0.4(0.5) Polearms
 + Level 0.2(0.4) Staves
 + Level 0.2 Throwing
 + Level 4.5 Armour
 - Level 1.7 Dodging
 - Level 1.7 Stealth
 + Level 11.8 Spellcasting
 + Level 7.3 Conjurations
 + Level 4.5 Summonings
 * Level 15.7 Earth Magic
 + Level 1.5 Alchemy
 + Level 0.5 Evocations


You had 16 spell levels left.
You knew the following spells:

 Your Spells              Type           Power      Damage    Failure   Level
a - Sandblast             Erth           100%       2d20      0%          1
b - Stone Arrow           Conj/Erth      100%       3d13      1%          3
c - Passwall              Erth           100%       N/A       0%          3
d - Brom's Barrelling Bo  Conj/Erth      100%       2d11      1%          4
e - Animate Armour        Summ/Erth      100%       N/A       1%          4
f - Petrify               Alch/Erth      88%        N/A       1%          4

Your spell library contained the following spells:

 Spells                   Type           Power      Damage    Failure   Level
 Magic Dart               Conj           100%       1d8       1%          1
 Summon Small Mammal      Summ           100%       N/A       1%          1
 Call Imp                 Summ           100%       N/A       1%          2
 Call Canine Familiar     Summ           51%        N/A       1%          3
 Leda's Liquefaction      Alch/Erth      44%        N/A       1%          4
 Blink                    Tloc           40%        N/A       4%          2
 Frozen Ramparts          Ice            40%        1d7       9%          3
 Fugue of the Fallen      Necr           20%        N/A       9%          3
 Ozocubu's Armour         Ice            20%        N/A       9%          3
 Tukima's Dance           Hex            20%        N/A       9%          3
 Summon Blazeheart Golem  Fire/Summ      36%        N/A       11%         4
 Arcjolt                  Conj/Air       23%        1d33      17%         5
 Manifold Assault         Tloc           20%        N/A       28%         4
 Passage of Golubria      Tloc           20%        N/A       28%         4
 Vhi's Electric Charge    Tloc/Air       40%        N/A       28%         4
 Yara's Violent Unravell  Hex/Alch       12%        3d7       50%         5
 Metabolic Englaciation   Hex/Ice        10%        N/A       61%         5
 Lehudib's Crystal Spear  Conj/Erth      50%        10d12     85%         8
 Plasma Beam              Fire/Air       10%        2x1d21    99%         6


Dungeon Overview and Level Annotations

Branches:
Dungeon (12/15)            Temple (0/1) D:7            Lair (1/5) D:9
    Orc (2/2) D:9             Elf (1/3) Orc:2

Shops:
D:6 (   Orc:1 ?[[[   Orc:2 =(*

Annotations:
D:7 exclusion: statue


Innate Abilities, Weirdness & Mutations

You have an increased reservoir of magic. (+10% MP)
You shall have no god before yourself.
Your divine heritage dramatically boosts your attributes as you level up.


Message History

The komodo dragon bites you but does no damage.
The cane toad stings you.
You are more poisoned.
The cane toad poisons you!
You climb upwards.
Welcome back to the Dungeon!
You feel extremely sick.
There is a staircase to the Lair here.
Unknown command.
Unknown command.
Unknown command.
You feel very sick.
The blink frog attacks as it pursues you!
The blink frog hits you but does no damage.
The cane toad stings you.
You are more poisoned.
The cane toad poisons you!
You feel extremely sick.
The blink frog attacks as it pursues you!
The blink frog closely misses you.
The cane toad attacks as it pursues you!
The cane toad stings you. The blink frog hits you.
The blink frog blinks!
You feel very sick.
The blink frog blinks!
Casting: Stone Arrow (safe; 1% risk of failure)
Confirm with . or Enter, or press ? or * to list all spells.
Okay, then.
Casting: Stone Arrow (safe; 1% risk of failure)
Confirm with . or Enter, or press ? or * to list all spells.
Aiming: Passwall (safe; 0% risk of failure)
Press: ? - help, Dir - move target A rock wall.
You feel a surge of power!
You feel very sick. The cane toad stings you!
* * * LOW HITPOINT WARNING * * *
You begin to meditate on the wall.
You continue meditating on the rock.
* * * LOW HITPOINT WARNING * * *
You feel very sick. The cane toad closely misses you. The blink frog hits you!
You die...

.[.......##.....##......##
.........#..[....#.......########
....††####.......#.).............
..#..## #......P.......###...#...
####..###..§....(....#..#...§§≈≈≈
##..#.)...>......###....#§~~~~
#....).........## #....≈≈~.#.
####.)#..P...lF.## ##.#≈~~..(#
#......#.....F@## ##..≈~..###
#....#.#......)# ##...≈~..#..
#...#..##.....## ###...#§~~..#.
#..##.####...## #....†..§~~~~~
#####.####...## #........§≈≈≈≈
##.##......# #........#....
#..#.......## ##............
#..........># #............
#####...........## #............


You could see a komodo dragon, a cane toad and a blink frog.

Vanquished Creatures
  An orc warlord (Orc:2)
  An ogre mage (Orc:2)
  4 two-headed ogres
  A centaur warrior (D:11)
  2 boulder beetles (D:12)
  A dancing weapon (Elf:1)
  2 orc high priests
  Nergalle (D:10)
  A deep elf archer (Elf:1)
  Pikel (D:4)
  2 deep elf zephyrmancers (Elf:1)
  A deep elf pyromancer (Elf:1)
  3 orc knights (Orc:2)
  An ugly thing (D:12)
  4 orc sorcerers
  2 kobold blastminers (Orc:2)
  3 gargoyles
  Maggie (D:7)
  2 cane toads
  An unseen horror (D:10)
  3 komodo dragons
  6 trolls
  3 hornets
  2 blink frogs (Lair:1)
  Prince Ribbit (D:6)
  3 slime creatures (D:12)
  9 yaks
  A water elemental (Elf:1)
  2 fire elementals (Elf:1)
  Eustachio (D:5)
  7 wargs
  2 wyverns
  A fire bat (Orc:2)
  2 steam dragons (D:9)
  Edmund (D:5)
  Menkaure (D:5)
  3 acid dragons
  2 water moccasins
  Duvessa (D:7)
  3 sky beasts (D:9)
  2 ice beasts (D:6)
  11 ogres
  20 orc warriors
  3 wolves
  7 centaurs
  A phantom (D:6)
  A kobold brigand (D:10)
  7 bullfrogs
  An earth elemental (Elf:1)
  2 scorpions
  A gnoll sergeant (D:9)
  5 wights
  Dowan (D:7)
  6 killer bees (D:11)
  The ghost of olmar the Covered, a weakling AtFi (D:3)
  5 howler monkeys
  A bullfrog zombie (D:3)
  A hound (D:5)
  A jelly (D:4)
  A gnoll bouda (D:7)
  A centaur skeleton (D:3)
  A bombardier beetle (D:5)
  Crazy Yiuf (D:3)
  A bullfrog skeleton (D:3)
  25 orc priests
  Jessica (D:2)
  3 iguanas
  Ijyb (D:3)
  25 orc wizards
  Natasha (thrice) (D:2)
  2 sleepcaps
  Terence (D:3)
  9 gnolls
  9 adders
  A shadow imp (D:6)
  4 dart slugs
  55 orcs
  2 endoplasms
  3 giant cockroaches (D:1)
  6 goblins
  3 hobgoblins
  5 jackals (D:2)
  5 quokkas
  6 ball pythons
  3 bats
  2 frilled lizards (D:3)
  6 kobolds
  9 rats
360 creatures vanquished.

Vanquished Creatures (collateral kills)
  Gastronok (D:12)
  3 two-headed ogres
  An orc knight (Orc:1)
  An orc sorcerer (Orc:2)
  An ugly thing (D:11)
  A komodo dragon (D:10)
  A shadow (D:10)
  A basilisk (D:11)
  3 yaks (D:10)
  A steam dragon (D:9)
  2 orc warriors
  A wolf (D:9)
  A centaur (D:11)
  2 wights
  A bullfrog zombie (D:3)
  2 orc priests (Orc:2)
  2 orc wizards
  An adder (D:6)
  6 orcs
  14 boulders
46 creatures vanquished.

Vanquished Creatures (others)
  11 boulders
11 creatures vanquished.

Grand Total: 417 creatures vanquished

Notes
Turn   | Place    | Note
-------+----------+-------------------------------------------
     0 | D:1      | olmar the Demigod Earth Elementalist began the quest for
                  | the Orb.
     0 | D:1      | Reached XP level 1. HP: 14/14 MP: 5/5
   322 | D:1      | Reached skill level 3 in Earth Magic
   354 | D:1      | Reached XP level 2. HP: 20/20 MP: 3/7
  1245 | D:2      | Noticed Jessica
  1247 | D:2      | Killed Jessica
  1248 | D:2      | Reached XP level 3. HP: 26/26 MP: 6/9
  1252 | D:2      | Learned a level 3 spell: Stone Arrow
  1256 | D:2      | Learned a level 3 spell: Passwall
  1715 | D:2      | Noticed Natasha
  1722 | D:2      | Killed Natasha
  1723 | D:2      | Reached XP level 4. HP: 16/33 MP: 6/11
  2154 | D:2      | Noticed Natasha
  2161 | D:2      | Killed Natasha
  2162 | D:2      | Reached skill level 4 in Earth Magic
  2250 | D:2      | Noticed Natasha
  2289 | D:2      | Killed Natasha
  2404 | D:3      | Reached XP level 5. HP: 37/38 MP: 7/13
  2619 | D:3      | Noticed Ijyb
  2626 | D:3      | Learned a level 4 spell: Brom's Barrelling Boulder
  2716 | D:3      | Found a runed translucent gate.
  2716 | D:3      | Found a runed translucent gate.
  2716 | D:3      | Found a runed translucent gate.
  2716 | D:3      | Noticed olmar's ghost (weakling AtFi)
  3316 | D:3      | Noticed Terence
  3450 | D:4      | Reached XP level 6. HP: 39/45 MP: 10/15
  3546 | D:4      | Reached skill level 5 in Earth Magic
  3572 | D:4      | You fall into a shaft and drop 3 floors!
  3587 | D:7      | Found a staircase to the Ecumenical Temple.
  3720 | D:5      | Entered Level 5 of the Dungeon
  3857 | D:5      | Reached skill level 1 in Conjurations
  3942 | D:5      | Reached skill level 5 in Spellcasting
  3942 | D:5      | Reached XP level 7. HP: 46/50 MP: 13/17
  3981 | D:5      | Noticed Menkaure
  3986 | D:5      | Killed Menkaure
  4057 | D:5      | Noticed Edmund
  4185 | D:6      | Learned a level 4 spell: Animate Armour
  4253 | D:6      | Found Fadd's Weapon Emporium.
  4398 | D:6      | Reached skill level 6 in Earth Magic
  4548 | D:6      | HP: 1/50 [wight/boomerang (8)]
  4788 | D:6      | Noticed Prince Ribbit
  4791 | D:6      | Killed Prince Ribbit
  4792 | D:6      | Reached skill level 7 in Earth Magic
  4792 | D:6      | Reached XP level 8. HP: 57/57 MP: 10/20
  4805 | D:6      | Learned a level 4 spell: Petrify
  5447 | D:5      | Killed Edmund
  5754 | D:5      | Noticed Eustachio
  5759 | D:5      | Killed Eustachio
  5760 | D:5      | Reached skill level 8 in Earth Magic
  6119 | D:4      | Noticed Pikel
  6468 | D:3      | Killed Ijyb
  6590 | D:3      | Killed Terence
  6913 | D:3      | Found a runed translucent door.
  6914 | D:3      | Noticed Crazy Yiuf
  7040 | D:3      | Killed olmar's ghost
  7217 | D:3      | Killed Crazy Yiuf
  7525 | D:4      | Reached XP level 9. HP: 62/62 MP: 11/23
  7858 | D:4      | Killed Pikel
  7859 | D:4      | Reached skill level 9 in Earth Magic
  8094 | D:7      | Noticed Maggie
  8102 | D:7      | Killed Maggie
  8103 | D:7      | Reached skill level 1 in Summonings
  8134 | D:7      | Noticed Duvessa
  8135 | D:7      | Noticed Dowan
  8138 | D:7      | Killed Dowan
  8139 | D:7      | Killed Duvessa
  8159 | D:7      | Identified the +7 hand axe of Reokkauq {drain, Fly rC- rN+}
  8641 | D:7      | Reached skill level 10 in Earth Magic
  9443 | D:8      | Identified the +0 helmet of Whack-A-Mole {rF+}
 10386 | D:9      | Found a staircase to the Orcish Mines.
 10420 | D:9      | Reached XP level 10. HP: 69/69 MP: 6/26
 10688 | D:9      | Noticed a two-headed ogre
 10689 | D:9      | Found a staircase to the Lair.
 10699 | D:9      | Killed a two-headed ogre
 10700 | D:9      | Reached skill level 1 in Armour
 10702 | D:9      | Reached skill level 1 in Alchemy
 10716 | D:9      | Reached skill level 11 in Earth Magic
 12186 | D:10     | Entered Level 10 of the Dungeon
 13078 | D:10     | Identified the +5 scale mail "Witits" {rF- Str+3 Int+8}
 13164 | D:10     | Reached skill level 12 in Earth Magic
 13176 | D:10     | Reached XP level 11. HP: 41/74 MP: 9/28
 13185 | D:10     | Noticed a two-headed ogre
 13189 | D:10     | Killed a two-headed ogre
 13351 | D:10     | Identified the +6 sling "Ofryk" {drain, rPois rN++}
 13377 | D:10     | Noticed a two-headed ogre
 13385 | D:10     | Killed a two-headed ogre
 13468 | D:10     | Noticed Nergalle
 13472 | D:10     | Killed Nergalle
 13841 | D:11     | Noticed a centaur warrior
 13848 | D:11     | Killed a centaur warrior
 13965 | D:11     | Noticed a two-headed ogre
 13976 | D:11     | Killed a two-headed ogre
 13977 | D:11     | Reached skill level 13 in Earth Magic
 14395 | D:11     | Noticed a two-headed ogre
 14401 | D:11     | Killed a two-headed ogre
 14766 | D:12     | Reached skill level 10 in Spellcasting
 14766 | D:12     | Reached skill level 5 in Conjurations
 14766 | D:12     | Reached XP level 12. HP: 81/81 MP: 30/30
 14808 | D:12     | Noticed Gastronok
 15129 | D:12     | Reached skill level 14 in Earth Magic
 15514 | D:12     | Noticed a boulder beetle
 15536 | D:12     | Killed a boulder beetle
 15615 | D:12     | Noticed a boulder beetle
 15639 | D:12     | Killed a boulder beetle
 15792 | D:12     | Killed Gastronok
 15793 | D:12     | Reached XP level 13. HP: 86/86 MP: 16/32
 16297 | Orc:1    | Entered Level 1 of the Orcish Mines
 16438 | Orc:1    | Found Kigoir's Antique Armour Shoppe.
 16558 | Orc:1    | Found Weot's Magic Scroll Shop.
 16565 | Orc:1    | Bought a scroll of blinking for 112 gold pieces
 16565 | Orc:1    | Bought a scroll of identify for 30 gold pieces
 16565 | Orc:1    | Bought a scroll of identify for 30 gold pieces
 16565 | Orc:1    | Bought a scroll of identify for 30 gold pieces
 16565 | Orc:1    | Bought a scroll of teleportation for 45 gold pieces
 16565 | Orc:1    | Bought a scroll of silence for 142 gold pieces
 16565 | Orc:1    | Bought a scroll of amnesia for 60 gold pieces
 16737 | Orc:2    | Entered Level 2 of the Orcish Mines
 17308 | Orc:2    | Noticed Maurice
 17320 | Orc:2    | Maurice changed into Maurice the fire bat
 17320 | Orc:2    | Noticed Maurice
 17323 | Orc:2    | Killed Maurice the fire bat
 17587 | Orc:2    | Found a staircase to the Elven Halls.
 18022 | Orc:2    | Reached skill level 15 in Earth Magic
 18025 | Orc:2    | Noticed an orc warlord
 18033 | Orc:1    | Found Ipute Ivvi's Antique Armour Boutique.
 18037 | Orc:1    | Bought a masterwork troll leather armour for 600 gold
                  | pieces
 18037 | Orc:1    | Identified the +3 troll leather armour of Compression
                  | {Regen+ Int+2} (You bought it in a shop on level 1 of the
                  | Orcish Mines)
 18471 | Orc:1    | Found Winud's Antique Armour Shop.
 18737 | Orc:2    | Killed an orc warlord
 19328 | Orc:2    | Found Udghures's Antique Weapon Emporium.
 19367 | Orc:2    | Found Feth's Jewellery Emporium.
 19444 | Orc:2    | Found Kezimiac's General Store.
 19459 | Orc:2    | Found Xyrphom's Antique Armour Emporium.
 19539 | Orc:2    | HP: 3/86 [orc warrior/+0 glaive[an orc knight] (13)]
 19730 | Elf:1    | Entered Level 1 of the Elven Halls
 20062 | Lair:1   | Entered Level 1 of the Lair of Beasts
 20221 | D:9      | HP: 4/86 [poisoned by a cane toad]
 20221 | D:9      | Slain by a blink frog

Illustrated notes

Levels and vault maps discovered:
D:1:      amcnicky_arrival_wind_blow, layout_basic, basic_ecumenical_altar,
          minmay_misc_feat_encased
D:2:      layout_loops_ring, uniq_natasha, uniq_jessica
D:3:      layout_basic, kennysheep_okawaru_gauntlet, gammafunk_ghost_necromancy,
          uniq_ijyb, uniq_crazy_yiuf_cottage, uniq_terence
D:4:      layout_basic, mainiacjoe_overflow_chevrons,
          nicolae_qazlal_style_of_elements, ashenzari_altar_1,
          kennysheep_generic_room_14, uniq_pikel
D:5:      layout_basic, zin_scriptorium, kennysheep_mini_moat,
          nicolae_wu_jian_wuxing_cycle, uniq_menkaure, uniq_eustachio,
          uniq_edmund
D:6:      layout_basic, serial_shops, nicolae_shop_advertising_works
          [nicolae_subvault_shop_adworks], minmay_fractal_squares_diagonal_5,
          uniq_prince_ribbit1
D:7:      layout_basic, lemuel_crystal_altar, mainiacjoe_overflow_alcove_1,
          vehumet_statue, mainiacjoe_overflow_cross_hatched,
          minmay_temple_entry_waves, enter_bailey_2, uniq_duvessa, uniq_maggie
D:8:      layout_cave_pods, lemuel_doored_altar
D:9:      layout_cave_pods, kennysheep_mini, kennysheep_slug_shrine,
          erik_lair_orcish_takeover, david_orc_3, serial_column_ruins,
          column_ruins_pillar_2, column_ruins_pillar_6, column_ruins_pillar_3,
          column_ruins_pillar_1, column_ruins_pillar_3, column_ruins_pillar_2,
          column_ruins_pillar_2, column_ruins_pillar_2, column_ruins_pillar_1,
          column_ruins_pillar_6, column_ruins_pillar_1, column_ruins_pillar_8,
          column_ruins_pillar_3, column_ruins_pillar_3, column_ruins_pillar_7,
          column_ruins_pillar_6, column_ruins_pillar_1, column_ruins_pillar_1,
          column_ruins_pillar_6, kennysheep_nub, hangedman_misty_isle
D:10:     minmay_bubble_buster, layout_gridville, uniq_nergalle
D:11:     layout_stronghold
D:12:     layout_irregular_city, nrook_mini_backslash, uniq_gastronok
Lair:1:   layout_hall_layers, lemuel_old_faithful
Orc:1:    layout_diamond_mine, serial_shops, nicolae_shop_overgrown_old_shop,
          shop_coins, shop, nicolae_shop_tiny_statue_garden
Orc:2:    grunt_orc_cross, layout_diamond_mine, basic_altar, uniq_maurice
Elf:1:    eino_elf_arrival_altar, layout_geoelf_grid,
          portal_desolation_entry_nicolae_menacing_earthworks, serial_shops,
          nicolae_shop_tiny_real_fake_doors, minivault_28, uniq_roxanne

Skill      XL: |  1  2  3  4  5  6  7  8  9 10 11 12 13 |
---------------+----------------------------------------+-----
Spellcasting   | 2 3 4 5 6 8 9 10 11 | 11.8
Earth Magic    | 3 4 5 7 8 10 12 13 14 15 | 15.7
Conjurations   | 1 2 3 5 6 7 |  7.3
Summonings     | 1 2 4 |  4.5
Armour         | 2 4 |  4.5
Alchemy        | 1 |  1.5
Polearms       | |  0.4
Staves         | |  0.2
Throwing       | |  0.2
Dodging        | |  1.7
Stealth        | |  1.7
Evocations     | |  0.5

Action                     |  1- 3 |  4- 6 |  7- 9 | 10-12 | 13-15 || total
---------------------------+-------+-------+-------+-------+-------++-------
  Melee: Unarmed           |       |     1 |       |       |       ||     1
         Spear             |       |       |     6 |       |       ||     6
         Staff             |       |       |    17 |    16 |     8 ||    41
  Throw: Dart              |       |       |       |     4 |       ||     4
   Cast: Sandblast         |    45 |    58 |    94 |    38 |     2 ||   237
         Stone Arrow       |       |     6 |    65 |   174 |   243 ||   488
         Animate Armour    |       |       |    15 |    29 |    19 ||    63
         Passwall          |       |       |     1 |     1 |     8 ||    10
         Brom's Barrelling |       |       |    11 |    14 |    19 ||    44
         Petrify           |       |       |     7 |     6 |    11 ||    24
  Evoke: Wand              |       |       |     5 |     2 |    10 ||    17
    Use: Potion            |     2 |       |     5 |     1 |     2 ||    10
         Scroll            |       |     5 |     8 |     2 |     7 ||    22
   Stab: Distracted        |       |       |     1 |     1 |       ||     2
 Armour: Robe              |     9 |    16 |    85 |       |       ||   110
         Skin              |     5 |       |       |       |       ||     5
         Acid dragon scale |       |       |     7 |   112 |    40 ||   159
         Troll leather arm |       |       |       |       |   129 ||   129
  Dodge: Dodged            |     6 |    13 |    57 |    54 |    98 ||   228
